AoeStats
← [ESTG] The Surrendor

Arabia

508104517Analyzed
1v1 RM · 11d ago on Sep 20, 2026· 25m 22s· 2 players
Game mode
Random Map
Map size
Tiny (2 player)
Population
200
Speed
Normal
Resources
Standard
Victory
Conquest
Starting age
Dark Age
Ending age
Imperial Age
RankedLock teamsTeams togetherTeam positionsShared explorationLock speedFull tech treeHidden civsTurbo modeCheats
Victory
Defeat
🇨🇴 Persians · Colombia
1491
+17
🇨🇴 Bulgarians · Colombia
1502
-17
Carmelo maradona
5:55 Loom
8:15 Feudal Age
8:48 Double-Bit Axe
18:55 Castle Age
17:28 Fletching
18:54 Bloodlines
19:20 Bodkin Arrow
21:17 Husbandry
[ESTG] The Surrendor
5:36 Loom
8:37 Feudal Age
10:24 Double-Bit Axe
21:19 Castle Age
19:29 Scale Barding Armor
19:52 Scale Mail Armor
19:39 Horse Collar
20:31 Bloodlines
20:55 Forging
20:45 Town Watch
21:22 Light Cavalry
22:43 Husbandry
Connection lost

Rejoining the realm…

Still unreachable

The connection could not be restored.

Session expired

The server has moved on; the page needs a fresh start.